 Dungeon Crawl Stone Soup version 0.32-a0-666-ge8a88695a4 (webtiles) character file.

Game seed: 15590150017250119158

268550 growler the Wrestler (level 19, -11/223 HPs)
             Began as a White Draconian Shapeshifter on Mar 9, 2024.
             Was the Champion of Wu Jian.
             Mangled by an ettin
             ... wielding a +0 dire flail
              (17 damage)
             ... on level 2 of the Vaults.
             The game lasted 02:38:10 (42962 turns).

growler the Wrestler (DrSh)                        Turns: 42962, Time: 02:38:11

Health: -11/223    AC: 32    Str: 21    XL:     19   Next: 38%
Magic:  19/19      EV: 20    Int: 13    God:    Wu Jian [******]
Gold:   2632       SH:  5    Dex: 18    Spells: 11/18 levels left

rFire   + .          .
                       - Unarmed
rCold   + + .        (no shield)
rNeg    + . .        (body armour unavailable)
rPois   ∞            (helmet restricted)
rElec   +            V - +1 cloak {Will+}
rCorr   +            h - melded +2 pair of gloves
SInv    .            (boots currently unavailable)
Will    +++..        C - amulet "Doth" {Reflect rF+ rC+ Will+ SH+5}
Stlth   ++           A - +6 ring of dexterity
HPRegen 0.57/turn    H - ring of resist corrosion
MPRegen 0.16/turn

%: reflection
@: statue-form, very slow
A: slow and powerful, torment resistance 1, boosted hp, (glacial breath), AC
+10, unfitting armour, cold resistance 1, cold-blooded
}: 2/15 runes: serpentine, barnacled
a: Begin Untransformation, Renounce Religion, Wall Jump, Serpent's Lash,
Heavenly Storm


You were on level 2 of the Vaults.
You worshipped Wu Jian.
Wu Jian was exalted by your worship.
You were a living statue of rough stone.
You visited 7 branches of the dungeon, and saw 33 of its levels.

You collected 3583 gold pieces.
You spent 951 gold pieces at shops.

Inventory:

Missiles
 y - 6 throwing nets (quivered)
Armour
 h - a +2 pair of gloves (melded)
 F - the +0 pair of fencer's gloves {Riposte Dex+3}
   (You found it on level 10 of the Dungeon)

   Riposte:   It allows the wearer to riposte with melee weapons, swiftly
   retaliating against missed or blocked melee attacks.
   Dex+3:     It affects your dexterity (+3).
 V - a +1 cloak of willpower (worn)
 Z - a +1 pair of boots
Jewellery
 x - a +6 ring of intelligence
 A - a +6 ring of dexterity (left fist)
 C - the amulet "Doth" (around neck) {Reflect rF+ rC+ Will+ SH+5}
   (You bought it in a shop on level 2 of the Orcish Mines)

   [amulet of reflection]

   Reflect:   It reflects blocked missile attacks.
   rF+:       It protects you from fire.
   rC+:       It protects you from cold.
   Will+:     It increases your willpower.
   SH+5:      It affects your SH (+5).
 H - a ring of resist corrosion (right fist)
 T - a ring of see invisible
Talismans
 b - a beast talisman
 c - a flux talisman
 Q - a granite talisman (active)
Wands
 q - a wand of charming (23)
 t - a wand of flame (82)
 u - a wand of warping (21)
 z - a wand of mindburst (34)
 D - a wand of quicksilver (5)
 K - a wand of polymorph (7)
 M - a wand of digging (7)
Scrolls
 a - 2 scrolls of summoning
 d - 3 scrolls of fog
 e - 12 scrolls of teleportation
 g - 3 scrolls of fear
 l - 4 scrolls of revelation
 o - 4 scrolls of enchant weapon
 p - a scroll of blinking
 r - 6 scrolls of immolation
 v - 4 scrolls of noise
 B - a scroll of vulnerability
 J - 3 scrolls of amnesia
 R - 2 scrolls of identify
 S - 2 scrolls of silence
 Y - a scroll of poison
Potions
 f - 2 potions of resistance
 i - 4 potions of brilliance
 j - 3 potions of attraction
 k - 4 potions of might
 m - 3 potions of invisibility
 n - 11 potions of curing
 s - 3 potions of enlightenment
 w - a potion of heal wounds
 E - a potion of magic
 I - 2 potions of lignification
 L - a potion of cancellation
 N - 6 potions of haste
 O - a potion of berserk rage
 P - 5 potions of mutation
 X - 3 potions of ambrosia
Miscellaneous
 G - a sack of spiders
 W - a lightning rod (4/4)


   Skills:
 + Level 16.2 Fighting
 - Level 12.0 Dodging
 - Level 21.0 Unarmed Combat
 + Level 12.0 Ice Magic
 + Level 18.7 Shapeshifting


You had 11 spell levels left.
You knew the following spells:

 Your Spells              Type           Power      Damage    Failure   Level
a - Ozocubu's Refrigerat  Ice            15%        4d10      88%         7

Your spell library contained the following spells:

 Spells                   Type           Power      Damage    Failure   Level
 Frozen Ramparts          Ice            62%        1d10      1%          3
 Ozocubu's Armour         Ice            31%        N/A       1%          3
 Ensorcelled Hibernation  Hex/Ice        30%        N/A       4%          2
 Magic Dart               Conj           0%         1d3       30%         1
 Summon Small Mammal      Summ           0%         N/A       30%         1
 Blink                    Tloc           0%         N/A       43%         2
 Lesser Beckoning         Tloc           0%         N/A       43%         2
 Momentum Strike          Conj/Tloc      0%         3d8       43%         2
 Scorch                   Fire           0%         2d5       43%         2
 Searing Ray              Conj           0%         2d4       43%         2
 Metabolic Englaciation   Hex/Ice        7%         N/A       58%         5
 Call Canine Familiar     Summ           0%         N/A       67%         3
 Dazzling Flash           Conj/Hex       0%         N/A       67%         3
 Fugue of the Fallen      Necr           0%         N/A       67%         3
 Gell's Gravitas          Tloc           0%         N/A       67%         3
 Inner Flame              Hex/Fire       0%         N/A       67%         3
 Mephitic Cloud           Conj/Alch/Air  0%         N/A       67%         3
 Passwall                 Erth           0%         N/A       67%         3
 Stone Arrow              Conj/Erth      0%         3d7       67%         3
 Swiftness                Air            0%         N/A       67%         3
 Teleport Other           Tloc           0%         N/A       67%         3
 Tukima's Dance           Hex            0%         N/A       67%         3
 Freezing Cloud           Conj/Ice/Air   5%         6-21      86%         5
 Anguish                  Hex/Necr       0%         N/A       97%         4
 Flame Wave               Conj/Fire      0%         2d4       97%         4
 Fulminant Prism          Conj/Alch      0%         3d5       97%         4
 Leda's Liquefaction      Alch/Erth      0%         N/A       97%         4
 Olgreb's Toxic Radiance  Alch           0%         N/A       97%         4
 Passage of Golubria      Tloc           0%         N/A       97%         4
 Sticky Flame             Fire/Alch      0%         2d4       97%         4
 Summon Blazeheart Golem  Fire/Summ      0%         N/A       97%         4
 Vhi's Electric Charge    Tloc/Air       0%         N/A       97%         4
 Sculpt Simulacrum        Ice/Alch       7%         N/A       99%         6
 Arcjolt                  Conj/Air       0%         1d10      100%        5
 Curse of Agony           Necr           0%         N/A       100%        5
 Lee's Rapid Deconstruct  Erth           0%         3d4*      100%        5
 Silence                  Hex/Air        0%         N/A       100%        5
 Yara's Violent Unravell  Hex/Alch       0%         3d3       100%        5
 Bombard                  Conj/Erth      0%         9d1       100%        6
 Plasma Beam              Fire/Air       0%         2x1d10    100%        6
 Summon Cactus Giant      Summ           0%         N/A       100%        6
 Discord                  Hex            0%         N/A       100%        8
 Lehudib's Crystal Spear  Conj/Erth      0%         10d2      100%        8
 Animate Armour           Summ/Erth      Unusable   N/A       N/A         4

Dungeon Overview and Level Annotations

Branches:
Dungeon (15/15)            Temple (1/1) D:5            Lair (5/5) D:10
 Shoals (4/4) Lair:2        Snake (4/4) Lair:3        Slime (0/5) Lair:5
    Orc (2/2) D:12            Elf (0/3) Orc:2        Vaults (2/5) D:13
 Depths (0/4) D:15
  Crypt: Vaults:2-3

Altars:
Ashenzari
Cheibriados
Dithmenos
Elyvilon
Fedhas
Gozag
Hepliaklqana
Kikubaaqudgha
Makhleb
Nemelex Xobeh
Okawaru
Qazlal
Ru
Sif Muna
Trog
Uskayaw
Vehumet
Wu Jian
Xom
Yredelemnul
Zin
The Shining One
Beogh

Shops:
D:1 (   Orc:1 [   Orc:2 *=([   Shoals:2 [

Annotations:
D:12 3 runed translucent doors
Lair:2 exclusion: 2 oklob plants
Lair:5 exclusion: 4 oklob plants
Shoals:2 2 runed translucent doors, Zays's ghost, adept GrEE


Innate Abilities, Weirdness & Mutations

You are a living statue of rough stone.
Your actions are slow, but your melee attacks are powerful.
You are resistant to unholy torment.
Your maximum health is greatly increased.
Your equipment is partially melded.
((You can breathe waves of cold which freeze foes solid.))
((Your icy white scales are hard. (AC +10)))
You cannot fit into any form of body armour.
You are immune to poison.
Your flesh is cold resistant. (rC+)
You are cold-blooded and may be slowed by cold attacks.


Message History

You feel much better.
The harpy claws you but does no damage. x2
The harpy completely misses you. The harpy claws you.
* * * LOW HITPOINT WARNING * * *
You feel much better. The harpy closely misses you. The harpy claws you.
You lunge at the lich.
You pummel the lich!!
The lich is almost destroyed.
You spin and attack the harpy repeatedly.
You hit the harpy but do no damage. You punch the harpy, but do no damage.
You closely miss the harpy. You tail-slap the harpy.
The harpy is lightly wounded.
The harpy barely misses you. The harpy misses you.
The lich casts a spell.
The lich flickers and vanishes!
Deactivating autopickup; reactivate with Ctrl-A.
The vault warden activates a sealing rune.
The harpy claws you. The harpy claws you!
* * * LOW HITPOINT WARNING * * *
You hear some strange, mumbled words.
Something tries to affect you, but you resist.
You pound something into fine dust!!!! The Council accepts your kill.
Reactivating autopickup.
You feel a bit more experienced. The harpy barely misses you.
The harpy closely misses you.
The ironbound convoker begins to recite a word of recall!
The ettin misses you. The ettin hits you but does no damage.
Your Ice Magic skill increases to level 12!
You spin and attack the ettin.
You pummel the ettin!!
You tail-slap the ettin, but do no damage.
The ettin is moderately wounded.
You feel less exhausted. The harpy claws you but does no damage.
You block the harpy's attack.
The harpy claws you but does no damage. x2
The ettin hits you with a +0 dire flail!!
* * * LOW HITPOINT WARNING * * *
The ettin misses you.
The vault warden hits you with a +2 long sword of electrocution!!!
* * * LOW HITPOINT WARNING * * *
The ettin hits you with a +0 dire flail!
You die...

............
#...........########
#........)).#......#
#.........).#......#
#.........†.#......#
#......p..†.#......#
#...........#......#
+....p......+......#
#..CI.......#......#
#....##########'####
#..H.#...........#
#....#...#...#...#
#....#...[.......#
#....#...#...#...#
#....#...........#
#....#...#...#...#
#....#...........+


You could see a vault warden (strong), an ettin (strong), an ironbound convoker
(chanting recall) and a harpy.

Vanquished Creatures
  Nikola (Snake:1)
  Rupert (D:14)
  A lich (Vaults:2)
  3 sphinxes (Shoals:4)
  6 nagarajas
  A kraken (Shoals:2)
  Roxanne (D:14)
  4 vault wardens
  3 orc warlords
  4 ironbound preservers (Vaults:1)
  4 ironbound thunderhulks (Vaults:1)
  A formless jellyfish (Vaults:2)
  A dire elephant (Lair:5)
  A minotaur (Shoals:4)
  Azrael (Snake:1)
  Snorg (Orc:2)
  4 merfolk impalers
  An ettin (D:15)
  Josephine (D:14)
  6 hydras
  6 vault guards
  A salamander tyrant (Snake:4)
  4 ironbound frosthearts
  8 centaur warriors
  16 anacondas
  2 ogre magi
  A death knight (D:15)
  2 alligator snapping turtles
  2 catoblepae
  8 boulder beetles
  16 two-headed ogres
  4 merfolk avatars
  A merfolk aquamancer (Shoals:4)
  A deep troll shaman (Lair:5)
  6 satyrs
  7 tengu warriors
  12 naga warriors
  5 death yaks
  An orc high priest (Orc:2)
  An occultist (D:15)
  14 naga sharpshooters
  7 shock serpents
  Sonja (Lair:3)
  4 skysharks
  7 salamander mystics
  A shadow wraith (Shoals:3)
  A skeletal warrior (D:13)
  3 deep trolls (Vaults:1)
  A flayed ghost (Vaults:2)
  8 naga ritualists
  9 sea snakes
  13 mana vipers
  A deep elf archer (D:13)
  An arcanist (D:15)
  7 ironbound convokers
  3 lindwurms (Vaults:2)
  28 harpies
  7 deep elf pyromancers
  A deep elf zephyrmancer (D:13)
  8 orc knights
  4 orc sorcerers (Orc:2)
  24 ugly things
  A necromancer (D:15)
  27 salamanders
  18 manticores
  4 meliai
  6 cyclopes
  33 elephants
  8 fauns
  3 merfolk sirens
  A meliai (shapeshifter) (D:15)
  6 water nymphs
  A guardian serpent (Snake:3)
  25 naga magi
  5 vault sentinels (Vaults:1)
  30 black mambas
  A kobold blastminer (Orc:2)
  3 torpor snails
  An unseen horror (D:13)
  11 cane toads
  5 gargoyles
  3 centaur skeletons (D:13)
  2 efreet
  6 komodo dragons
  9 rime drakes
  4 tengu conjurers
  2 ice devils (Lair:4)
  A kobold demonologist (D:11)
  14 trolls
  22 merfolk
  5 wind drakes
  3 polar bears
  11 blink frogs
  8 snapping turtles
  2 dream sheep (Shoals:2)
  17 slime creatures
  2 centaur simulacra (D:12)
  A wyvern (shapeshifter) (D:14)
  5 wraiths
  9 water elementals
  3 shadows
  45 yaks
  3 wyverns
  5 basilisks
  4 fire elementals (Snake:1)
  2 vampire mosquitoes (D:12)
  2 steam dragons (Shoals:2)
  3 wargs
  Menkaure (D:4)
  Duvessa (D:4)
  2 acid dragons
  57 nagas
  2 hell hounds (Snake:1)
  14 water moccasins
  2 sky beasts (D:7)
  8 black bears
  22 orc warriors
  A swamp drake (shapeshifter) (D:14)
  3 ice beasts
  28 wolves
  3 boggarts (Vaults:1)
  14 ogres
  15 centaurs
  2 phantoms
  8 kobold brigands
  2 gnoll sergeants (D:10)
  7 bullfrogs
  2 scorpions
  Dowan (D:4)
  16 killer bees
  A vampire bat (Lair:2)
  2 howler monkeys (D:12)
  An electric eel (Lair:2)
  3 lava snakes (Lair:3)
  3 bombardier beetles
  4 crimson imps (D:5)
  5 jellies (Lair:5)
  15 orc priests
  5 hounds
  4 iguanas
  Ijyb (D:4)
  A sleepcap (D:6)
  21 orc wizards
  6 hell rats (Lair:5)
  A boggart skeleton (D:13)
  8 gnolls
  2 adders
  4 shadow imps
  2 white imps (D:7)
  3 ufetubi (D:12)
  4 dart slugs
  69 orcs
  4 endoplasms
  4 giant cockroaches
  10 goblins
  9 hobgoblins
  4 jackals (D:1)
  6 quokkas
  7 ball pythons
  10 bats
  3 frilled lizards (D:2)
  17 kobolds
  7 rats
  5 tentacles (Shoals:2)
1147 creatures vanquished.

Vanquished Creatures (collateral kills)
  An ogre mage (D:12)
  A deep elf pyromancer (D:12)
  A shadow (D:12)
  A centaur (D:12)
4 creatures vanquished.

Vanquished Creatures (others)
  A naga warrior (Snake:1)
  A naga mage (Snake:4)
  A guardian serpent (Snake:1)
  A rime drake (Shoals:2)
  2 nagas (Snake:1)
  2 boggarts
  An orc (Orc:2)
  A tentacle (Shoals:2)
10 creatures vanquished.

Grand Total: 1161 creatures vanquished

Notes
Turn   | Place    | Note
-------+----------+-------------------------------------------
     0 | D:1      | growler the Draconian Shapeshifter began the quest for the
                  | Orb.
     0 | D:1      | Reached XP level 1. HP: 16/16 MP: 1/1
    68 | D:1      | Reached XP level 2. HP: 15/23 MP: 2/2
   146 | D:1      | Found Zacir's Weapon Emporium.
   498 | D:1      | Reached XP level 3. HP: 11/28 MP: 3/3
   935 | D:2      | Found a blossoming altar of Fedhas.
  1140 | D:2      | Found a faded altar of an unknown god.
  1403 | D:3      | Found an iron altar of Okawaru.
  1415 | D:3      | Reached skill level 4 in Unarmed Combat
  1415 | D:3      | Reached XP level 4. HP: 20/35 MP: 4/4
  1650 | D:3      | Noticed an ogre
  1702 | D:3      | Killed an ogre
  1703 | D:3      | Reached XP level 5. HP: 40/40 MP: 5/5
  1864 | D:3      | Found a snail-covered altar of Cheibriados.
  2144 | D:3      | Reached skill level 5 in Unarmed Combat
  2447 | D:4      | Found a basalt altar of Yredelemnul.
  2520 | D:4      | Found a sacrificial altar of Ru.
  2601 | D:4      | Noticed a phantom
  2608 | D:4      | Reached skill level 5 in Shapeshifting
  2608 | D:4      | Reached XP level 6. HP: 29/47 MP: 6/6
  2739 | D:4      | Noticed Ijyb
  2739 | D:4      | Noticed an ice beast
  2834 | D:4      | Noticed Duvessa
  2838 | D:4      | Noticed Dowan
  3011 | D:4      | Killed Duvessa
  3012 | D:4      | Reached skill level 6 in Unarmed Combat
  3012 | D:4      | Your scales start taking on an icy white colour.
  3012 | D:4      | Reached XP level 7. HP: 28/52 MP: 7/7
  3012 | D:4      | Gained mutation: Your flesh is cold resistant. (rC+) [White
                  | Draconian growth]
  3104 | D:4      | Killed Dowan
  3291 | D:4      | Found a bloodstained altar of Trog.
  3577 | D:4      | Noticed Menkaure
  3583 | D:4      | Killed Ijyb
  3595 | D:4      | Killed Menkaure
  3868 | D:5      | Entered Level 5 of the Dungeon
  3892 | D:5      | Reached skill level 7 in Unarmed Combat
  4060 | D:5      | Reached XP level 8. HP: 54/59 MP: 8/8
  4279 | D:5      | Found a staircase to the Ecumenical Temple.
  4296 | Temple   | Entered the Ecumenical Temple
  4322 | Temple   | Became a worshipper of the Wu Jian Council
  4476 | D:5      | Found a shimmering altar of Xom.
  4491 | D:5      | Reached skill level 8 in Unarmed Combat
  5029 | D:6      | Reached skill level 9 in Unarmed Combat
  5103 | D:6      | Reached * piety under Wu Jian
  5660 | D:7      | Noticed a slime creature
  5671 | D:7      | Reached XP level 9. HP: 60/68 MP: 9/9
  5937 | D:7      | Noticed a boulder beetle
  5952 | D:7      | Killed a boulder beetle
  5953 | D:7      | Reached skill level 10 in Unarmed Combat
  6127 | D:7      | Noticed a boulder beetle
  6298 | D:7      | Killed a boulder beetle
  6299 | D:7      | Reached skill level 5 in Fighting
  6861 | D:7      | Reached XP level 10. HP: 71/83 MP: 10/10
  7171 | D:8      | Reached ** piety under Wu Jian
  7732 | D:9      | Reached skill level 11 in Unarmed Combat
  7748 | D:9      | Noticed a cyclops
  7752 | D:9      | Killed a cyclops
  7836 | D:9      | Noticed a gargoyle
  7839 | D:9      | Killed a gargoyle
  7846 | D:9      | Noticed a centaur warrior
  7848 | D:9      | Noticed a wolf spider
  7860 | D:9      | Killed a centaur warrior
  7991 | D:9      | Noticed a brown ugly thing
  7996 | D:9      | Killed a white ugly thing
  8118 | D:9      | Noticed a five-headed hydra
  8128 | D:9      | Killed a five-headed hydra
  8264 | D:9      | Noticed a two-headed ogre
  8299 | D:9      | Killed a two-headed ogre
  8300 | D:9      | Reached XP level 11. HP: 60/95 MP: 11/11
  8600 | D:9      | Noticed a boulder beetle
  8605 | D:9      | Reached skill level 12 in Unarmed Combat
  8605 | D:9      | Reached skill level 10 in Shapeshifting
  8619 | D:9      | Killed a boulder beetle
  8781 | D:9      | Found a hide-covered altar of Uskayaw.
  8781 | D:9      | Found a stormy altar of Qazlal.
  8922 | D:9      | Noticed a two-headed ogre
  8931 | D:9      | Killed a two-headed ogre
  9338 | D:10     | Entered Level 10 of the Dungeon
  9624 | D:10     | Reached *** piety under Wu Jian
  9634 | D:10     | Noticed a boulder beetle
  9656 | D:10     | Found the +0 pair of fencer's gloves {Riposte Dex+3}
 10640 | D:10     | Found a staircase to the Lair.
 10943 | D:10     | Killed a boulder beetle
 10944 | D:10     | Reached skill level 10 in Fighting
 11260 | D:11     | Reached skill level 13 in Unarmed Combat
 11322 | D:11     | Noticed a two-headed ogre
 11331 | D:11     | Killed a two-headed ogre
 11450 | D:11     | Noticed a tengu warrior
 11465 | D:11     | Killed a tengu warrior
 11466 | D:11     | Reached XP level 12. HP: 66/107 MP: 12/12
 12251 | Lair:1   | Entered Level 1 of the Lair of Beasts
 12390 | Lair:1   | Reached **** piety under Wu Jian
 13724 | Lair:2   | Noticed a death yak
 13892 | Lair:1   | Killed a death yak
 14105 | Lair:2   | Found a staircase to the Shoals.
 14220 | Lair:2   | Reached skill level 14 in Unarmed Combat
 14232 | Lair:2   | Noticed an eight-headed hydra
 14238 | Lair:2   | Killed an eight-headed hydra
 14554 | Lair:2   | Reached XP level 13. HP: 85/119 MP: 13/13
 14814 | Lair:2   | Reached ***** piety under Wu Jian
 15280 | Lair:2   | Found a blossoming altar of Fedhas.
 15474 | Lair:3   | Noticed Sonja
 15476 | Lair:3   | Killed Sonja
 16716 | Lair:3   | Got the Omnibus of Talus
 17464 | Lair:3   | Found a staircase to the Snake Pit.
 17476 | Lair:3   | Reached skill level 15 in Unarmed Combat
 18018 | Lair:4   | Got the Commentary on the Bitter Retinue
 18762 | Lair:4   | Reached XP level 14. HP: 127/132 MP: 14/14
 19254 | Lair:5   | Entered Level 5 of the Lair of Beasts
 19362 | Lair:5   | Found a staircase to the Slime Pits.
 19564 | Lair:5   | Reached skill level 16 in Unarmed Combat
 21832 | D:12     | Reached skill level 5 in Dodging
 21911 | D:12     | Reached skill level 17 in Unarmed Combat
 21968 | D:12     | Found a runed translucent door.
 21968 | D:12     | Noticed a storm dragon
 22004 | D:12     | Found a runed translucent door.
 22005 | D:12     | Found a runed translucent door.
 22552 | D:12     | Found a staircase to the Orcish Mines.
 22875 | D:12     | Identified the +4 plate armour of Farfalle {rC+ Regen+
                  | Str+4 Stlth-}
 23319 | Orc:1    | Entered Level 1 of the Orcish Mines
 23334 | Orc:1    | Reached XP level 15. HP: 105/138 MP: 15/15
 23432 | Orc:1    | Found a roughly hewn altar of Beogh.
 23553 | Orc:1    | Found Lotad's Armour Boutique.
 23920 | Orc:2    | Entered Level 2 of the Orcish Mines
 23920 | Orc:2    | Found a staircase to the Elven Halls.
 23920 | Orc:2    | Found Kuesos's Jewellery Shoppe.
 23922 | Orc:2    | Noticed Snorg
 23938 | Orc:2    | Killed Snorg
 23951 | Orc:2    | Bought the amulet "Doth" {Reflect rF+ rC+ Will+ SH+5} for
                  | 735 gold pieces
 24272 | Orc:2    | Found Pedaak's General Store.
 24354 | Orc:2    | Bought a scroll of blinking for 90 gold pieces
 24461 | Orc:2    | Reached ****** piety under Wu Jian
 24462 | Orc:2    | Found Jaism's Antique Weapon Boutique.
 24793 | Orc:2    | Found Wueze Fau's Antique Armour Shop.
 25381 | D:13     | Reached skill level 18 in Unarmed Combat
 25980 | D:13     | Found a hide-covered altar of Uskayaw.
 26793 | D:13     | Found a gate to the Vaults.
 27511 | D:14     | Noticed Josephine
 27523 | D:14     | Killed Josephine
 27649 | D:14     | Noticed Rupert
 27658 | D:14     | Killed Rupert
 27946 | D:14     | Noticed Roxanne
 28187 | D:14     | Killed Roxanne
 28188 | D:14     | Reached skill level 15 in Shapeshifting
 28268 | D:14     | Reached XP level 16. HP: 140/146 MP: 16/16
 28513 | D:15     | Entered Level 15 of the Dungeon
 29311 | D:15     | Found a staircase to the Depths.
 29857 | Snake:1  | Entered Level 1 of the Snake Pit
 29931 | Snake:1  | Reached skill level 10 in Dodging
 29962 | Snake:1  | Reached skill level 19 in Unarmed Combat
 31242 | Snake:1  | Noticed Nikola
 31253 | Snake:1  | Killed Nikola
 32039 | Snake:1  | Noticed Azrael
 32201 | Snake:1  | Killed Azrael
 34211 | Snake:3  | Reached XP level 17. HP: 152/152 MP: 17/17
 35188 | Snake:3  | Reached skill level 20 in Unarmed Combat
 35672 | Orc:1    | Bought a +0 cloak of willpower for 126 gold pieces
 35854 | Shoals:1 | Entered Level 1 of the Shoals
 36374 | Shoals:1 | Learned a level 7 spell: Ozocubu's Refrigeration
 36385 | Shoals:2 | Reached skill level 1 in Ice Magic
 36618 | Shoals:2 | Found Woc Haif's Armour Emporium.
 37153 | Shoals:2 | Found a large runed translucent door.
 37153 | Shoals:2 | Found a large runed translucent door.
 37160 | Shoals:2 | Noticed Zays's ghost (adept GrEE)
 37256 | Shoals:2 | Noticed a kraken
 37263 | Shoals:2 | Killed a kraken
 37538 | Shoals:3 | Reached skill level 5 in Ice Magic
 38210 | Shoals:4 | Entered Level 4 of the Shoals
 38341 | Shoals:4 | Reached XP level 18. HP: 158/160 MP: 18/18
 38424 | Shoals:4 | Got the Volume of Frigorific Fate
 38452 | Shoals:4 | Paralysed by a sphinx for 5 turns
 38634 | Shoals:4 | Got a barnacled rune of Zot
 38831 | Shoals:4 | Reached skill level 21 in Unarmed Combat
 39287 | Snake:4  | Entered Level 4 of the Snake Pit
 40012 | Snake:4  | Reached skill level 15 in Fighting
 40025 | Snake:4  | Reached skill level 10 in Ice Magic
 40456 | Snake:4  | Got a serpentine rune of Zot
 40494 | Snake:4  | Identified a scroll of acquirement
 40495 | Snake:4  | Acquired 480 gold pieces
 40878 | Vaults:1 | Entered Level 1 of the Vaults
 41210 | Vaults:1 | Reached XP level 19. HP: 120/170 MP: 19/19
 42955 | Vaults:2 | HP: 11/223 [lich (8)]
 42962 | Vaults:2 | HP: 6/223 [vault warden/+2 long sword of electrocution
                  | (40)]
 42962 | Vaults:2 | Mangled by an ettin

Illustrated notes

Levels and vault maps discovered:
D:1:      moated_graveyard_arrival, layout_basic, serial_shops,
          nicolae_shop_scrapyard
D:2:      layout_basic, basic_altar, shapermc_ecumenical_altar_totnotflames
D:3:      layout_basic, okawaru_trees_1, mainiacjoe_overflow_six_doors_small
D:4:      layout_loops_ring, lightli_temple_of_fire,
          mainiacjoe_overflow_large_starburst, uniq_duvessa, uniq_menkaure,
          uniq_ijyb
D:5:      layout_basic, led_xom_imps, temple_pool_b, serial_curves,
          eino_curves_02, eino_curves_02
D:6:      layout_basic, roderic_nine_men_s_morris
D:7:      layout_basic, kb_rosetta
D:8:      layout_rooms
D:9:      layout_irregular_city, gammafunk_temple_overflow_wave,
          minmay_evil_grid
D:10:     nzn_winding_woodlands_cross [nzn_winding_woodlands_5x15_lazy_stream,
          nzn_winding_woodlands_5x15_pathside_ponds,
          nzn_winding_woodlands_5x15_parted, nzn_winding_woodlands_5x15_pool,
          nzn_winding_woodlands_15x15_eel_pit], layout_rooms,
          david_lair_shrubbed, hex_tiny
D:11:     layout_long_grid, nicolae_titane
D:12:     minmay_the_grid_triangle_9x9_rhombus_full_mashed
          [minmay_the_grid_triangle_9x9_skeleton,
          minmay_the_grid_triangle_9x9_cache,
          minmay_the_grid_triangle_9x9_flanged_cone,
          minmay_the_grid_triangle_9x9_warning,
          minmay_the_grid_triangle_9x9_fully_insulated_deathbox,
          minmay_the_grid_triangle_9x9_longest,
          minmay_the_grid_triangle_9x9_empty,
          minmay_the_grid_triangle_9x9_prize_schism], layout_grid_maze,
          orc_0_dummy, serial_ice, serial_ice_c, serial_ice_o, serial_ice_l,
          serial_ice_e, serial_ice_d, serial_ice_a
D:13:     layout_gridville, hangedman_vaults_entry_quadrant_bands,
          dancing_weapons_uskayaw
D:14:     layout_roguey, kennysheep_generic_room_15, uniq_rupert,
          uniq_josephine, uniq_roxanne
D:15:     hangedman_depths_entry_civil_slaughter, layout_rooms, minivault_25,
          minmay_fractal_squares_5
Temple:   nicolae_temple_superstar
Lair:1:   layout_cave_pods, lemuel_fruit_tree, grunt_megastairs_2
Lair:2:   layout_gridlike, minmay_shoals_entry_hut, hangedman_tree_tricks,
          roderic_batcave, beast_lair_carwin_9
Lair:3:   layout_cellular_growth, nicolae_snake_entry_warm_welcome,
          infiniplex_staircase_pool_2, lemuel_fruit_fields, uniq_sonja
Lair:4:   layout_roguey, portal_ice_cave_demonic_guard
Lair:5:   grunt_lair_end_beastmaster, layout_long_grid,
          nicolae_slime_entry_field_trip, dpeg_oklob_1
Shoals:1: layout_shoals
Shoals:2: layout_shoals, ebering_ghost_disaster_area, serial_shops, shop,
          nicolae_shoals_drake_roost
Shoals:3: layout_shoals, nicolae_shoals_hidden_pirate_stash
Shoals:4: shoals_end_hellmonk_lost_city
Snake:1:  layout_onion_interference, uniq_nikola, uniq_azrael
Snake:2:  layout_basic
Snake:3:  layout_layer_cave
Snake:4:  snake_pit, layout_rooms, guppyfry_library_mini
Orc:1:    layout_caves, basic_altar, serial_shops, nicolae_shop_gibbet_a_chance
Orc:2:    grunt_orc_gardens, layout_caves, grunt_orc_garden, grunt_orc_garden,
          grunt_orc_garden, grunt_orc_garden, uniq_snorg
Vaults:1: lightli_orcish_oven, nicolae_vaults_tangram_1,
          serial_library_hellmonk_open_square, vaults_mumra_hex,
          nicolae_vaults_little_ls, nicolae_vaults_rhombus_5,
          grunt_vaults_hallway_short, hangedman_vaults_stagger,
          vaults_room_corners, layout_vaults_omnigrid
Vaults:2: gammafunk_ghost_mausoleum, minmay_crypt_entry_skeletal_spiral,
          vaults_room_boxed, v_alt_pattern_6, vaults_room_door_hall, v_misc_32,
          vaults_room_semicircle, nicolae_vaults_double_plus_1,
          nicolae_vaults_big_angled_halls, nicolae_vaults_closet_pinwheel_2,
          layout_vaults_big_room

Skill      XL: |  1  2  3  4  5  6  7  8  9 10 11 12 13 14 15 16 17 18 19 |
---------------+----------------------------------------------------------+-----
Unarmed Combat | 4 5 6 7 9 10 11 13 14 15 17 18 19 20 21 | 21.0
Shapeshifting  | 4 5 6 7 8 9 11 12 13 14 15 16 17 18 | 18.7
Fighting       | 2 5 8 10 12 14 15 16 | 16.2
Dodging        | 6 9 11 12 | 12.0
Ice Magic      | 6 10 12 | 12.0

Action                     |  1- 3 |  4- 6 |  7- 9 | 10-12 | 13-15 | 16-18 | 19-21 || total
---------------------------+-------+-------+-------+-------+-------+-------+-------++-------
  Melee: Unarmed           |    96 |   124 |   278 |   757 |  1585 |  1316 |   181 ||  4337
         Tailslap          |    12 |    22 |    37 |   121 |   314 |   179 |    29 ||   714
         Punch             |     1 |     2 |     5 |       |       |   109 |    22 ||   139
  Throw: Throwing net      |       |     1 |       |       |       |       |       ||     1
 Invoke: Serpent's Lash    |       |       |       |     3 |    18 |    21 |     2 ||    44
         Heavenly Storm    |       |       |       |       |     1 |       |       ||     1
Ability: Glacial Breath    |       |       |     2 |     1 |     4 |     3 |       ||    10
         Lunge             |       |       |    16 |    54 |   118 |   158 |    16 ||   362
         Whirlwind         |       |       |     6 |   176 |   527 |   375 |    65 ||  1149
         Begin Untransform |       |       |     1 |       |       |     1 |       ||     2
  Evoke: Wand              |       |       |    12 |     2 |       |     1 |       ||    15
         Sack of spiders   |       |       |       |     1 |       |       |       ||     1
    Use: Scroll            |     1 |     1 |     6 |     8 |    11 |     9 |     1 ||    37
         Potion            |       |       |     1 |     1 |     5 |     3 |     3 ||    13
   Stab: Sleeping          |     1 |     2 |       |       |       |     1 |       ||     4
         Held in net/web   |       |     2 |       |       |       |       |       ||     2
 Armour: Skin              |    46 |    64 |   131 |   369 |   637 |  1091 |   103 ||  2441
  Dodge: Dodged            |    58 |    72 |   162 |   521 |   858 |  1002 |    98 ||  2771
  Block: Other             |       |       |       |       |    57 |   219 |    23 ||   299
         Reflection        |       |       |       |       |     9 |    35 |     2 ||    46
   Form: Flux              |       |       |     1 |       |       |       |       ||     1
         Statue            |       |       |       |       |       |     1 |       ||     1

Table legend: (Time is in decaauts)
 A = Elapsed time spent in this place.
 B = Non-inter-level travel time spent in this place.
 C = Inter-level travel time spent in this place.
 D = Time resting spent in this place.
 E = Time spent auto-exploring this place.
 F = Levels seen in this place.
 G = Mean time per level.
                   A        B        C        D        E       F      G
               +--------+--------+--------+--------+--------+-----+--------+
         Total |  47867 |  44698 |   3169 |  10872 |  23697 |  33 | 1450.5 |
       Dungeon |  19252 |  18014 |   1238 |   3821 |  10465 |  15 | 1283.5 |
        Temple |     33 |      2 |     31 |      0 |      0 |   1 |   33.0 |
          Lair |  10587 |   9770 |    817 |   3579 |   4628 |   5 | 2117.4 |
        Shoals |   5151 |   4944 |    207 |    913 |   2838 |   4 | 1287.8 |
     Snake Pit |   8026 |   7380 |    646 |   1462 |   4157 |   4 | 2006.5 |
  Orcish Mines |   1729 |   1598 |    131 |    311 |    877 |   2 |  864.5 |
        Vaults |   3086 |   2989 |     97 |    786 |    730 |   2 | 1543.0 |
               +--------+--------+--------+--------+--------+-----+--------+

Top non-repeatable levels by time:
  Lair:3: 3408 daAuts
Vaults:1: 3017 daAuts
 Snake:3: 2861 daAuts
 Snake:1: 2446 daAuts
    D:13: 2128 daAuts
  Lair:2: 2091 daAuts
    D:10: 2086 daAuts
  Lair:5: 2053 daAuts
     D:9: 1903 daAuts
    D:12: 1870 daAuts
  Lair:1: 1768 daAuts
 Snake:2: 1570 daAuts
    D:14: 1521 daAuts
Shoals:2: 1407 daAuts
Shoals:3: 1373 daAuts
